 Dungeon Sprint DCSS version 0.30-a0-737-gf23d94013f (webtiles) character file.

Game seed: 8795619111172234501

6 rocky1 the Trooper (level 1, -2/34 HPs)
             Began as an Ogre Gladiator on Feb 3, 2023.
             Slain by an iguana (9 damage)
             ... in the Dungeon (Sprint IX: "|||||||||||||||||||||||||||||").
             The game lasted 00:00:20 (127 turns).

rocky1 the Trooper (Ogre Gladiator)                  Turns: 127, Time: 00:00:20

Health: -2/34      AC:  3    Str: 17    XL:     1   Next: 90%
Magic:  1/1        EV: 10    Int:  9    God:
Gold:   0          SH:  0    Dex: 10    Spells: 0/0 levels left

rFire   . . .      SeeInvis .    a - +0 flail
rCold   . . .      Faith    .    (no shield)
rNeg    . . .      Spirit   .    b - +0 robe
rPois   .          Reflect  .    c - +0 hat
rElec   .          Harm     .    (no cloak)
rCorr   .          Rampage  .    (gloves unavailable)
Will    .....      NoTele   +    (boots unavailable) Stlth
                                 (no amulet)
HPRegen 0.25/turn                (no ring)
MPRegen 0.07/turn                (no ring)

@: berserking, very quick
A: large, unfitting armour, tough skin 1
a: no special abilities


You were in the Dungeon.
You visited 1 branch

Inventory:

Hand Weapons
 a - a +0 flail (weapon)
Missiles
 e - a large rock (quivered)
Armour
 b - a +0 robe (worn)
 c - a +0 hat (worn)
Scrolls
 k - a scroll of blinking
Potions
 f - a potion of curing
 g - a potion of heal wounds
 h - a potion of haste
 i - 2 potions of magic


   Skills:
 + Level 3.6 Fighting
 * Level 3.5 Maces & Flails
 - Level 2.0 Throwing
 + Level 3.1 Dodging


You couldn't memorise any spells.
You didn't know any spells.
Your spell library was empty.

Dungeon Overview and Level Annotations

Branches:
Dungeon (1/1)

Altars:


Innate Abilities, Weirdness & Mutations

You are too large for most types of armour.
You have tough skin. (AC +1)


Message History

Aim: an iguana (61% to hit)
You throw a throwing net.
The throwing net closely misses the iguana.
The throwing net barely misses the ufetubus.
The throwing net hits the ogre.
The ogre is caught in the net!
The iguana bites you but does no damage.
The ogre struggles against the net.
Throw: 2 throwing nets
Press: ? - help, Q - select action, (/) - cycle Shift-Dir - straight line, f/p - iguana
Aim: an iguana (61% to hit)
You throw a throwing net.
The throwing net barely misses the iguana.
The throwing net barely misses the ufetubus.
The throwing net hits the ogre.
The ogre struggles against the net.
The iguana misses you.
You barely miss the iguana.
The ogre struggles against the net.
The iguana closely misses you.
Throw: throwing net
Press: ? - help, Q - select action, (/) - cycle Shift-Dir - straight line, f/p - iguana
Aim: an iguana (61% to hit)
You throw a throwing net.
The throwing net barely misses the iguana.
The throwing net misses the ufetubus.
The throwing net hits the ogre.
The iguana bites you.
The ogre struggles against the net.
A red film seems to cover your vision as you go berserk!
You feel yourself moving faster!
You feel mighty! The iguana bites you!
The ogre struggles against the net.
You barely miss the iguana.
The ogre struggles against the net.
The net rips apart, and the ogre comes free!
The iguana misses you.
You closely miss the iguana. The iguana bites you!
* * * LOW HITPOINT WARNING * * *
You barely miss the iguana. You barely miss the iguana.
The iguana completely misses you.
You hit the iguana.
The iguana is moderately wounded.
The hound pauses to sniff the ground.
The iguana bites you!
You die...

▓+▓
▓.▓
▓h▓
▓l▓
▓O▓
▓5▓
▓l▓
▓@▓
▓.▓
▓.▓
▓.▓
▓.▓
▓)▓
▓.▓
▓.▓
▓.▓


You could see an ogre, 2 iguanas, a hound and an ufetubus.

Vanquished Creatures
  A bat (D)
  A goblin (D)
  A hobgoblin (D)
  A quokka (D)
  A frilled lizard (D)
5 creatures vanquished.

Notes
Turn   | Place    | Note
-------+----------+-------------------------------------------
     0 | D        | rocky1 the Ogre Gladiator began the quest for the Orb.
     0 | D        | Reached XP level 1. HP: 22/22 MP: 1/1
   117 | D        | Noticed a hound
   117 | D        | Noticed an iguana
   117 | D        | Noticed an ogre
   117 | D        | Noticed an iguana
   127 | D        | Slain by an iguana

Illustrated notes

Levels and vault maps discovered:
D:        linesprint [early_d, line_temple, items_1, d_10, items_2, lair_1,
          lair_end, items_3, orc_1, orc_end, items_4, d_15, swamp_1, shoals_1,
          snake_1, spider_1, d_20, vaults_1, items_5, swamp_end, shoals_end,
          snake_end, spider_end, vaults_end, d_27, items_6, zot_1, zot_end,
          crypt_end, forest_end, elf_end, slime_end, tomb_end, abyss_end,
          pan_hell_end]

Skill      XL: |  1 |
---------------+----+-----
Fighting       | 3 |  3.6
Maces & Flails | 3 |  3.5
Dodging        | 3 |  3.1
Throwing       | |  2.0

Action                     || total
---------------------------++-------
  Melee: Flail             ||    32
  Throw: Throwing net      ||     3
    Use: Potion            ||     1
 Armour: Robe              ||     5
  Dodge: Dodged            ||    20

Table legend: (Time is in decaauts)
 A = Elapsed time spent in this place.
 B = Non-inter-level travel time spent in this place.
 C = Inter-level travel time spent in this place.
 D = Time resting spent in this place.
 E = Time spent auto-exploring this place.
 F = Levels seen in this place.
 G = Mean time per level.
                   A        B        C        D        E       F      G
               +--------+--------+--------+--------+--------+-----+--------+
         Total |    132 |    132 |      0 |     81 |      0 |   1 |  132.0 |
       Dungeon |    132 |    132 |      0 |     81 |      0 |   1 |  132.0 |
               +--------+--------+--------+--------+--------+-----+--------+

Top non-repeatable levels by time:
       D: 132 daAuts
